 Dungeon Crawl Stone Soup version 0.31-a0-1101-g9ad1905e61 (webtiles) character file.

Game seed: 8409465623240704444

331 Dirtsage the Insei (level 6, -5/43 HPs)
             Began as an Octopode Monk on Dec 1, 2023.
             Slain by a gnoll
             ... wielding a +0 club
             ... led by a gnoll sergeant
              (7 damage)
             ... on level 5 of the Dungeon.
             The game lasted 00:05:03 (3024 turns).

Dirtsage the Insei (Octopode Monk)                  Turns: 3024, Time: 00:05:04

Health: -5/43      AC:  1    Str: 11    XL:     6   Next: 52%
Magic:  6/6        EV: 15    Int: 12    God:
Gold:   186        SH:  0    Dex: 16    Spells: 5/5 levels left

rFire   . .          .
                       - Unarmed
rCold   . . .        b - orb {light}
rNeg    . . .        (helmet restricted)
rPois   .            (no amulet)
rElec   .            (no ring)
rCorr   .            (no ring)
SInv    .            (no ring)
Will    .....        (no ring)
Stlth   +            (no ring)
HPRegen 0.27/turn    (no ring)
MPRegen 0.10/turn    (no ring)
                     (no ring)

%: no passive effects
@: glowing
A: almost no armour, amphibious, 8 rings, camouflage 1, gelatinous body 1,
(nimble swimmer 1), tentacles
a: no special abilities


You were on level 5 of the Dungeon.
You visited 1 branch of the dungeon, and saw 5 of its levels.

You collected 186 gold pieces.

Inventory:

Armour
 b - an orb of light (worn)
Jewellery
 f - an amulet of magic regeneration
Wands
 k - a wand of polymorph (7)
Scrolls
 c - a scroll of fog {unknown}
 e - 3 scrolls of identify {unknown}
 g - 5 scrolls of teleportation {unknown}
 h - 3 scrolls of immolation {unknown}
 i - a scroll of amnesia {unknown}
 m - a scroll of enchant weapon {unknown}
 p - a scroll of revelation {unknown}
 q - a scroll of silence {unknown}
Potions
 a - a potion of ambrosia
 d - 6 potions of resistance {unknown}
 j - a potion of curing {unknown}
 l - a potion of mutation {unknown}
 n - 3 potions of might {unknown}
 o - a potion of enlightenment {unknown}
 r - a potion of attraction {unknown}
 s - 2 potions of berserk rage {unknown}


   Skills:
 + Level 4.2 Fighting
 + Level 4.1 Dodging
 * Level 5.3 Unarmed Combat
 + Level 1.5 Ice Magic


You had 5 spell levels left.
You didn't know any spells.
Your spell library contained the following spells:

 Spells                   Type           Power      Damage    Failure   Level
 Freeze                   Ice            12%        1d3       19%         1
 Magic Dart               Conj           0%         1d3       32%         1
 Searing Ray              Conj           0%         2d4       45%         2
 Frozen Ramparts          Ice            6%         1d1       47%         3
 Hailstorm                Conj/Ice       1%         3d3       58%         3
 Fulminant Prism          Conj/Hex       0%         3d5       97%         4


Dungeon Overview and Level Annotations

Branches:
Dungeon (5/15)
 Temple: D:4-7

Altars:

Shops:
D:2 *


Innate Abilities, Weirdness & Mutations

You cannot wear most types of armour.
You are amphibious.
You can wear up to eight rings at the same time.
Your skin changes colour to match your surroundings (Stealth+).
Your rubbery body absorbs attacks. (AC +1, EV +1)
((You are camouflaged when in or above water. (Stealth+)))
You have tentacles for arms and can constrict up to eight enemies at once.


Message History

There is a stone staircase leading down here.
A gnoll comes into view. It is wielding a +0 flail.
The gnoll shouts!
The gnoll barely misses you.
There is a stone staircase leading down here.
You barely miss the gnoll. You grab the gnoll. You squeeze the gnoll!
The gnoll is severely wounded.
You constrict the gnoll, but do no damage.
The gnoll hits you with a +0 halberd!
You take 14 damage, and have 29/43 hp.
MASSIVE DAMAGE!!
You tentacle-slap the gnoll. You squeeze the gnoll.
You kill the gnoll!
The gnoll throws a throwing net.
The throwing net hits you.
You become entangled in the net!
The gnoll hits you with a +0 club.
You take 6 damage, and have 24/43 hp.
You struggle against the net.
The gnoll barely misses you.
You struggle against the net.
A gnoll comes into view. It is wielding a +0 spear.
The gnoll hits you with a +0 flail. The gnoll completely misses you.
You take 6 damage, and have 19/43 hp.
You shred the net and break free! The gnoll closely misses you. x2
You can't go up here!
The gnoll sergeant hits you from afar with a +0 trident of protection.
The gnoll hits you with a +0 club.
* * * LOW HITPOINT WARNING * * *
The gnoll hits you with a +0 flail!
* * * LOW HITPOINT WARNING * * *
You climb downwards.
There is a stone staircase leading up here.
You take 17 damage, and have 2/43 hp.
MASSIVE DAMAGE!!
You tentacle-slap the gnoll. You grab the gnoll.
The gnoll is lightly wounded.
You constrict the gnoll. The gnoll closely misses you.
The gnoll barely misses you.
You tentacle-slap the gnoll. You squeeze the gnoll.
The gnoll is severely wounded.
You constrict the gnoll, but do no damage.
The gnoll misses you. The gnoll hits you with a +0 club!
You die...

. ..
.)#########$###
........g..[..#
..W....@g...#
....?.......#
#####.........#
#........###
#........#
#.##...#.# ..
[...#.# ###
...## #


You could see a phantom and 2 gnolls.

Vanquished Creatures
  Sigmund (D:3)
  5 gnolls
  4 adders
  3 worms (D:2)
  2 orcs (D:3)
  12 ball pythons
  An endoplasm (D:2)
  3 giant cockroaches
  2 goblins
  5 hobgoblins
  4 jackals (D:3)
  7 quokkas
  9 bats
  7 frilled lizards
  9 kobolds
  7 rats
81 creatures vanquished.

Notes
Turn   | Place    | Note
-------+----------+-------------------------------------------
     0 | D:1      | Dirtsage the Octopode Monk began the quest for the Orb.
     0 | D:1      | Reached XP level 1. HP: 16/16 MP: 1/1
   313 | D:1      | Reached XP level 2. HP: 21/21 MP: 2/2
   761 | D:1      | Reached XP level 3. HP: 21/26 MP: 3/3
  1085 | D:2      | Reached skill level 4 in Unarmed Combat
  1085 | D:2      | Reached XP level 4. HP: 8/31 MP: 4/4
  1751 | D:2      | Found Qown's General Store.
  1947 | D:2      | Reached XP level 5. HP: 28/37 MP: 5/5
  2170 | D:3      | Found a faded altar of an unknown god.
  2359 | D:3      | Noticed Sigmund
  2378 | D:3      | Killed Sigmund
  2379 | D:3      | Reached skill level 5 in Unarmed Combat
  2379 | D:3      | Reached skill level 1 in Ice Magic
  2379 | D:3      | Reached XP level 6. HP: 23/43 MP: 6/6
  2959 | D:4      | Identified the +7 flail of Ywiacw {speed, rF+ Str+5 Int+2}
  3021 | D:4      | HP: 1/43 [gnoll/+0 flail[a gnoll sergeant] (10)]
  3022 | D:5      | Entered Level 5 of the Dungeon
  3024 | D:5      | Slain by a gnoll

Illustrated notes

Levels and vault maps discovered:
D:1:      heliophobic_arrival_glass_houses, layout_basic, grunt_decor_junction,
          corexii_hall_statues_u, chequers_serial_rivers_marsh, minmay_ruptured
D:2:      layout_basic, serial_shops, nicolae_shop_trees, minmay_diced_spiral
D:3:      layout_basic, basic_ecumenical_altar, chequers_serial_rivers_micro_e,
          minmay_misc_feat_encased, minmay_box_of_dots, uniq_sigmund
D:4:      layout_rooms, minmay_temple_entry_glassed_door, grunt_decor_clamped,
          chequers_serial_rivers_room_b, chequers_serial_rivers_marsh
D:5:      layout_basic, lemuel_coloured_pillars_altar, serial_shops,
          nicolae_shop_peninsula

Skill      XL: |  1  2  3  4  5 |
---------------+----------------+-----
Unarmed Combat | 4 5 |  5.3
Fighting       | 4 |  4.2
Dodging        | 4 |  4.1
Ice Magic      | 1 |  1.5

Action                     |  1- 3 |  4- 6 || total
---------------------------+-------+-------++-------
  Melee: Unarmed           |    51 |   103 ||   154
         Tentacles         |    11 |    20 ||    31
         Constrict         |    16 |    42 ||    58
         Punch             |     1 |     3 ||     4
   Stab: Sleeping          |     2 |     1 ||     3
 Armour: Skin              |    18 |    45 ||    63
  Dodge: Dodged            |    34 |    65 ||    99

Table legend: (Time is in decaauts)
 A = Elapsed time spent in this place.
 B = Non-inter-level travel time spent in this place.
 C = Inter-level travel time spent in this place.
 D = Time resting spent in this place.
 E = Time spent auto-exploring this place.
 F = Levels seen in this place.
 G = Mean time per level.
                   A        B        C        D        E       F      G
               +--------+--------+--------+--------+--------+-----+--------+
         Total |   3011 |   2942 |     69 |      0 |   2504 |   5 |  602.2 |
       Dungeon |   3011 |   2942 |     69 |      0 |   2504 |   5 |  602.2 |
               +--------+--------+--------+--------+--------+-----+--------+

Top non-repeatable levels by time:
     D:2: 1162 daAuts
     D:1: 983 daAuts
     D:3: 739 daAuts
     D:4: 124 daAuts
     D:5: 1 daAuts
